[Event "*** Titled Tuesday Blitz"]
[Site "Chess.com"]
[Date "2020.11.24"]
[Round "3"]
[White "mbojan"]
[Black "Salem-AR"]
[Result "1-0"]
[WhiteElo "2698"]
[BlackElo "2899"]
[TimeControl "180+1"]
[EndTime "10:46:12 PST"]
[Termination "mbojan won on time"]

1. d4 Nf6 2. Nf3 e6 3. g3 d5 4.
Bg2 Bb4+ 5. c3 Be7 6. O-O O-O 7.
Bf4 c5 8. Nbd2 Nc6 9. Nb3 b6 10. Ne5 Bb7 11. Nxc6 Bxc6 12. dxc5 bxc5 13. c4 Qb6 14. cxd5 Bxd5 15. Qc2 c4 16. Nd2 Bxg2 17.
Kxg2 Rac8 18. Rac1 Qa6 19. Nxc4 Nd5 20. b3 Nb4 21. Qd2 Nxa2 22. Ra1 Qb7+ 23. Kg1 Nb4 24. Nd6 Bxd6 25. Bxd6 Nc2 26. Bxf8 Nxa1 27. Bxg7 Kxg7 28. Qg5+ Kf8 29. Qh6+ Kg8 30. Qg5+ Kf8 31. Rxa1 Qxb3 32. Rxa7 Qb1+ 33. Kg2 Qe4+ 34. Kh3 Re8 35. Qh6+ Kg8 36. Qg5+ Kf8 37. Qh6+ Kg8 38. Ra5 e5 39. Qg5+ Kf8 40. Qh6+ Kg8 41. Qg5+ Kf8 42. Qe3 Qxe3 43. fxe3 Kg7 44.
Kg2 f5 45. Kf3 Kf6 46. e4 Re6 47. h4 Rc6 48. exf5 Kxf5 49. e3 h5 50. Ra8 e4+ 51.
Kg2 Rc2+ 52. Kh3 Re2 53. Rh8 Kg6 54. Rg8+ Kf6 55. Rg5 Rxe3 56. Rxh5 Re1 57. Kg4 Rf1 58. Rh8 Ke5 59. Re8+ Kd4 60. h5 e3 61. h6 Kd3 62.
h7 Rh1 63. h8=Q 1-0

[Event "*** Titled Tuesday Blitz"]
[Site "Chess.com"]
[Date "2020.11.24"]
[Round "3"]
[White "joppie2"]
[Black "Nikolakis2014"]
[Result "0-1"]
[WhiteElo "2950"]
[BlackElo "2721"]
[TimeControl "180+1"]
[EndTime "10:46:14 PST"]
[Termination "Nikolakis2014 won by resignation"]

1. d4 Nf6 2. c4 g6 3. Nc3 Bg7 4. e4 d6 5. Nf3 O-O 6. Be2 e5 7. O-O Na6 8. Re1 Bg4 9. Be3 exd4 10. Nxd4 Bxe2 11. Qxe2 Re8 12. f3 c6 13. Rad1 Nc5 14. Qc2 Qe7 15. b3 Rad8 16. Kh1 h6 17. Qd2 Kh7 18.
Nc2 Nh5 19. Bd4 Be5 20. Ne3 Ne6 21. Bxa7 Qh4 22. Ng4 Bf4 23. Be3 f5 24. exf5 gxf5 25. Qc2 Bxe3 26. Rxe3 Kg7 27. Nf2 Nd4 28. Qd2 c5 29.
Nd5 Ng3+ 30. Kg1 Nde2+ 31. Rxe2 Nxe2+ 32. Kf1 Qxh2 33. Nh3 Re5 34. Ndf4 Nxf4 35. Nxf4 Rde8 36. Kf2 Qh4+ 37. Kf1 Qh1+ 38. Kf2 Qh4+ 39. Kf1 Qg5 40.
Kf2 Kh7 41. g3 Rg8 42. Rg1 Qf6 43. Nd5 Qg7 44. Nf4 Rge8 45. Rh1 Qf6 46. Nh5 Re2+ 47. Qxe2 Qd4+ 48. Kf1 Rxe2 49. Kxe2 Qb2+ 50. Ke3 Qxa2 51.
g4 Qxb3+ 52. Kf4 fxg4 53. Nf6+ Kg6 54. Nxg4 Qxc4+ 55. Kg3 Qd4 56. Rxh6+ Kg7 57. Re6 b5 58. f4 Qd3+ 59. Kh4 b4 60. Kg5 b3 61. Re7+ Kf8 62. Ra7 b2 63. Nf6 b1=Q 64. Nd7+ Ke8 65. Nf6+ Kd8 66. Ra8+ Kc7 67. Ne8+ Kb7 0-1

[Event "*** Titled Tuesday Blitz"]
[Site "Chess.com"]
[Date "2020.11.24"]
[Round "3"]
[White "hansen"]
[Black "PavelShkapenko"]
[Result "1-0"]
[WhiteElo "2937"]
[BlackElo "2690"]
[TimeControl "180+1"]
[EndTime "10:46:15 PST"]
[Termination "hansen won by resignation"]

1. e4 e5 2. Nf3 Nc6 3. Bb5 Bc5 4. c3 f5 5. d4 fxe4 6. Bxc6 dxc6 7. Nxe5 Qd5 8.
Qh5+ g6 9. Qe2 Bd6 10. Bf4 Nf6 11. Nd2 O-O 12. O-O Ng4 13. Bg3 Nxe5 14. dxe5 Bxe5 15. Bxe5 Qxe5 16. Qxe4 Qxe4 17. Nxe4 Bf5 18. Ng3 Rad8 19. f3 Be6 20. Rfd1 Rxd1+ 21. Rxd1 Bxa2 22. Ra1 Bc4 23. Rxa7 Ba6 24. Ne4 Rd8 25. Kf2 Rd1 26. Ra8+ Kg7 27. Rc8 Rb1 28. Rxc7+ Kf8 29. b4 h5 30. h4 Rb2+ 31.
Kg3 Bf1 32. Rxb7 Rxg2+ 33. Kf4 Bd3 34. Ng5 Rc2 35. Nh7+ Ke8 36. Nf6+ Kf8 37. Nd7+ Ke8 38. Ne5 Rxc3 39. Rc7 Bb5 40. Kg5 Kd8 41. Rd7+ Kc8 42. Rd4 Re3 43. f4 Rg3+ 44. Kf6 Rh3 45. Nxg6 Kc7 46. f5 c5 47. bxc5 Kc6 48. Nf4 Rxh4 49.
Ke5 Rg4 50. Rd6+ Kxc5 51. Ne6+ Kb4 52. f6 Be8 53. Rb6+ Kc4 54. Rb7 h4 55. Re7 Rg8 56. Ng7 Bg6 57. Rc7+ Kd3 58. Kf4 Rf8 59. Kg5 Bf7 60.
Rd7+ Ke3 61. Kxh4 Kf4 62. Re7 Ba2 63. Nh5+ Kf5 64. Rg7 Bf7 65. Ng3+ Kxf6 66. Rg5 Bg6 67. Kg4 Re8 68. Ra5 Rd8 69. Kf4 Rd4+ 70. Ke3 1-0

[Event "*** Titled Tuesday Blitz"]
[Site "Chess.com"]
[Date "2020.11.24"]
[Round "3"]
[White "BillCoe"]
[Black "sopo-tereladze"]
[Result "1-0"]
[WhiteElo "2072"]
[BlackElo "2309"]
[TimeControl "180+1"]
[EndTime "10:46:16 PST"]
[Termination "BillCoe won by resignation"]

1. e4 e5 2. Nf3 Nc6 3. Bb5 a6 4. Ba4 Nf6 5. O-O Be7 6. Re1 b5 7. Bb3 O-O 8. h3 d6 9. c3 Na5 10. Bc2 c5 11. a4 Bb7 12. d4 cxd4 13. cxd4 Nc6 14. d5 Nb4 15. Bb3 bxa4 16. Rxa4 a5 17.
Re3 Na6 18. Rc4 Nc5 19. Bc2 Ba6 20. Rcc3 Qb6 21. Na3 Rfc8 22. Nc4 Qb4 23. Ncd2 Ncd7 24. Rxc8+ Rxc8 25. Ba4 Nc5 26. Bc6 Nd3 27. Qc2 Nxc1 28. Qxc1 Qb6 29. Rb3 Qa7 30. Qc3 Bd8 31. Qe3 Qc7 32. Nf1 Nh5 33. Ng3 Nxg3 34. fxg3 Qe7 35. Kh2 h6 36. Nh4 Kh7 37. Nf5 Qf8 38. Qa7 Bc4 39.
Rb7 Bf6 40. Rxf7 Qg8 41. Rxf6 Bd3 42. Rf7 Bxe4 43. Rxg7+ Kh8 44. Rxg8+ Rxg8 45. Nxh6 Rf8 46. Qe7 Rf2 47. Qe8+ Kg7 48. h4 Rxg2+ 49. Kh3 Rf2 50. Ng4 Rf1 51. Nh2 Rf7 52. Qe6 Bf5+ 53. Qxf5 Rxf5 54.
Ng4 Rf2 55. Nxf2 Kf6 56. Ne4+ Kg6 57. g4 Kf7 58. h5 Kg7 59. Kh4 Kh6 60. g5+ Kh7 61. h6 a4 62. Be8 a3 63. Kh5 axb2 64. Nc3 Kh8 65. Nb1 Kg8 66. g6 Kf8 67. Bf7 Ke7 68. h7 Kf6 69. h8=Q+ Kf5 1-0

[Event "*** Titled Tuesday Blitz"]
[Site "Chess.com"]
[Date "2020.11.24"]
[Round "3"]
[White "Semen_Khanin"]
[Black "IMAghasiyevKamal"]
[Result "0-1"]
[WhiteElo "2769"]
[BlackElo "2562"]
[TimeControl "180+1"]
[EndTime "10:46:17 PST"]
[Termination "IMAghasiyevKamal won on time"]

1. c4 Nf6 2. Nc3 e6 3. e4 d5 4. cxd5 exd5 5. e5 Nfd7 6. Nf3 d4 7. Ne4 Nxe5 8. Nxe5 Qd5 9. Qa4+ Nd7 10. Bb5 c6 11. Nxc6 Qxe4+ 12. Kd1 Nb6 13. Nxd4+ Kd8 14. Nc6+ Qxc6 15. Bxc6 Nxa4 16. Bxa4 Bc5 17. f3 Bf5 18.
Bc2 Bxc2+ 19. Kxc2 Re8 20. Kd1 Kc7 21. b3 Bd4 22.
Rb1 Rad8 23. Bb2 Bxb2 24. Rxb2 Rd4 25. Re1 Rxe1+ 26. Kxe1 Kd7 27. Ke2 f5 28. Ke3 Rd6 29. d4 Re6+ 30. Kd2 Kd6 31. Rc2 Re7 32. Kd3 b6 33.
Re2 Rc7 34. Re1 b5 35. h4 g6 36. a3 a5 37. Re5 b4 38. Rxa5 Rc3+ 39. Kd2 Rxb3 40.
axb4 Rb2+ 41. Kc3 Rxg2 42. b5 Rf2 43. Ra6+ Kc7 44. Kc4 Rxf3 45. Ra7+ Kb6 46. Rxh7 Rf1 47. Rh6 Rc1+ 48. Kd5 Kxb5 49. Rxg6 Rh1 50. Rf6 Rxh4 51.
Rxf5 Kb6 52. Rf7 Rg4 53. Ke5 Rg1 54. d5 Re1+ 55. Kd6 Rd1 56. Rf2 Rh1 57. Re2 Kb7 58.
Kd7 Rh7+ 59. Re7 Rh8 60. d6 Kb6 61. Re8 Rh7+ 62. Re7 Rh8 63. Re2 Rh7+ 64. Kd8 Kc6 0-1

[Event "*** Titled Tuesday Blitz"]
[Site "Chess.com"]
[Date "2020.11.24"]
[Round "3"]
[White "AbdAlAgathos"]
[Black "louis198"]
[Result "0-1"]
[WhiteElo "2358"]
[BlackElo "2536"]
[TimeControl "180+1"]
[EndTime "10:46:18 PST"]
[Termination "louis198 won on time"]

1. e4 e6 2. d4 d5 3. Nd2 Nc6 4. Ngf3 Nf6 5. e5 Nd7 6. Bd3 Nb4 7. Be2 c5 8. c3 Nc6 9. O-O f6 10. exf6 Qxf6 11. Re1 Bd6 12. Nf1 O-O 13. Ng3 c4 14. b3 b5 15. a4 b4 16. bxc4 bxc3 17. cxd5 exd5 18. Qb3 Nb6 19. Qxc3 Bb4 20. Qe3 Bxe1 21. Nxe1 Qxd4 22. Nc2 Qxe3 23. Bxe3 Nc4 24. Bc5 Re8 25. Bf3 Be6 26. Re1 Bf7 27. Rd1 Rad8 28. Nf5 N4e5 29. Be2 Bg6 30. Ncd4 Nxd4 31. Nxd4 Nd7 32.
Bxa7 Ra8 33. Bf3 Rxa7 34. Bxd5+ Bf7 35. Bc6 Rc8 36. Bb5 Nf8 37. Nf5 g6 38. Nd6 Rd8 39. Rd3 Re7 40. g4 Re6 41. Nxf7 Re1+ 42. Kg2 Rxd3 43. Nh6+ Kg7 44. Bxd3 Kxh6 45. a5 Ra1 46. a6 Ne6 47. Kg3 Nc5 48. Be2 Nxa6 49. h4 Kg7 50. f4 Nc5 51. g5 Ra3+ 52. Kg4 Ne4 53. f5 Nf2+ 54. Kf4 gxf5 55. Kxf5 Rh3 56. h5 Re3 57.
Bc4 Rc3 58. h6+ Kf8 59. Be6 Rf3+ 60. Ke5 Ke7 61. g6 hxg6 62. h7 Re3+ 63. Kf4 Re4+ 64.
Kg3 Nh1+ 65. Kh3 Kxe6 66. h8=Q Nf2+ 0-1

[Event "*** Titled Tuesday Blitz"]
[Site "Chess.com"]
[Date "2020.11.24"]
[Round "3"]
[White "enriquetejedor"]
[Black "Legendinunknown"]
[Result "0-1"]
[WhiteElo "2477"]
[BlackElo "2685"]
[TimeControl "180+1"]
[EndTime "10:46:20 PST"]
[Termination "Legendinunknown won on time"]

1. e4 c6 2. Nc3 d5 3. Nf3 Bg4 4. h3 Bxf3 5. Qxf3 e6 6. d4 dxe4 7. Qxe4 Nf6 8. Qd3 Bd6 9. g3 Nbd7 10. Bg2 O-O 11. O-O e5 12. d5 Nc5 13. Qc4 cxd5 14. Nxd5 Nxd5 15. Qxd5 Qc7 16. Be3 b6 17. Rad1 Rad8 18. Qc4 Qe7 19. Rd5 Ne6 20. Rfd1 Bc5 21. Re1 Qf6 22. Bxc5 Nxc5 23. Rexe5 Rxd5 24. Qxd5 Rd8 25. Qd4 h6 26. Qe3 Ne6 27. c3 Rd1+ 28. Kh2 Ra1 29. Bd5 Nc7 30. Be4 g6 31. Bd5 Nxd5 32.
Rxd5 Rxa2 33. Rd2 Ra1 34. Kg2 Kg7 35. Qd4 Ra2 36. Qxf6+ Kxf6 37. Kf3 Ke6 38. Ke3 a5 39.
Kd3 a4 40. Kc2 a3 41. Kb3 Rxb2+ 42. Rxb2 axb2 43. Kxb2 Kd5 44. Kb3 Kc5 45. c4 Kd4 46. Kb4 Kd3 47. Kb5 f5 48. h4 g5 49. h5 f4 50.
gxf4 gxf4 51. Kxb6 Kxc4 52. Kc6 Kd3 53. Kd5 Ke2 54. Ke5 f3 55. Kf5 Kxf2 56. Kg6 Kg3 57. Kxh6 f2 58. Kg7 f1=Q 59. h6 Qa1+ 60. Kg8 Qa8+ 61. Kg7 Qb7+ 62. Kf8 Qc8+ 63. Kg7 Qd7+ 64. Kg8 Qe6+ 65. Kg7 Qe5+ 66. Kg8 Qg5+ 67. Kf7 Qxh6 0-1

[Event "*** Titled Tuesday Blitz"]
[Site "Chess.com"]
[Date "2020.11.24"]
[Round "3"]
[White "Vi_Los"]
[Black "Slovak_fighter2000"]
[Result "1/2-1/2"]
[WhiteElo "2355"]
[BlackElo "2448"]
[TimeControl "180+1"]
[EndTime "10:46:23 PST"]
[Termination "Game drawn by repetition"]

1. e4 g6 2. d4 Bg7 3. Nc3 a6 4. f4 d5 5. e5 h5 6. Be3 c6 7.
Nf3 Nh6 8. Qd2 Bg4 9. Be2 Nf5 10. Bf2 e6 11. h3 Bxf3 12. Bxf3 h4 13. Bg4 Nd7 14. O-O-O Qe7 15. Kb1 b5 16. Ne2 a5 17.
Ng1 Nb6 18. Nf3 Nc4 19. Qe1 a4 20. Bxf5 gxf5 21. Bxh4 Qb7 22. Qb4 Bf8 23. Qe1 b4 24. Rd3 b3 25. cxb3 axb3 26. Rxb3 Qa6 27. a3 Qa4 28.
Qd1 Bxa3 29. Rb8+ Kd7 30. Qxa4 Rhxb8 31. Qxa8 Rxa8 32. bxa3 Rxa3 33. Be1 Rb3+ 34. Kc1 Ne3 35. h4 Nxg2 36. Ng5 Nxf4 37. h5 Rb8 38. h6 Ke7 39. Bd2 Ne2+ 40. Kd1 Rb1+ 41. Kxe2 Rxh1 42. Nf3 f6 43.
exf6+ Kxf6 44. Bf4 Kg6 45. Ne5+ Kh7 46. Nxc6 Rh4 47.
Ke3 Rh3+ 48. Ke2 Rh4 49. Kf3 Rh3+ 50. Bg3 Rxh6 51. Ne5 Rh1 52. Bf4 Rd1 53. Be3 Ra1 54.
Kf4 Kg7 55. Kg5 Ra4 56. Kf4 Ra1 57. Nd7 Rf1+ 58. Kg3 Kf7 59. Ne5+ Ke7 60. Nc6+ Kd6 61. Ne5 Re1 62. Kf3 Rf1+ 63. Ke2 Ra1 64. Bf4 Ra2+ 65. Ke3 Ke7 66. Nd3 Ra3 67. Be5 Rb3 68. Ke2 Ra3 69.
Nf4 Ra2+ 70. Ke3 Ra3+ 71. Ke2 Ra4 72. Ke3 Rc4 73. Ke2 Rc8 74. Ke3 Rg8 75. Kf3 Ra8 76. Ke3 Ra3+ 77. Ke2 1/2-1/2

[Event "*** Titled Tuesday Blitz"]
[Site "Chess.com"]
[Date "2020.11.24"]
[Round "3"]
[White "NotFischer"]
[Black "HackingKid98"]
[Result "1-0"]
[WhiteElo "2150"]
[BlackElo "2315"]
[TimeControl "180+1"]
[EndTime "10:46:27 PST"]
[Termination "NotFischer won on time"]

1. d4 Nf6 2. Bf4 c5 3. d5 b5 4. c4 bxc4 5. Nc3 e6 6. e4 Bb7 7.
Bxc4 Qa5 8. Qd2 Qb4 9. b3 Nxe4 10.
Nxe4 exd5 11. Qxb4 cxb4 12. Nd6+ Bxd6 13. Bxd6 dxc4 14. Ne2 cxb3 15. axb3 Nc6 16. Kd2 O-O-O 17. Rhc1 a6 18. Nd4 Rde8 19. Bxb4 Re4 20. Bc5 Nxd4 21. Bxd4+ Bc6 22. Kd3 Kb7 23. Rxc6 Rxd4+ 24. Kxd4 dxc6 25. Re1 Rd8+ 26. Kc4 Rd7 27. b4 Kb6 28. Re8 g6 29. Rb8+ Ka7 30. Rc8 Kb7 31. Rf8 h5 32. f4 Re7 33. Kd4 Kb6 34. Rb8+ Rb7 35. Rc8 Rc7 36. Rb8+ Rb7 37. Rc8 Rd7+ 38. Kc4 Re7 39. g3 Re4+ 40. Kc3 Re3+ 41. Kc4 Re4+ 42. Kc3 Re2 43. Rf8 Rxh2 44.
Rxf7 Rg2 45. f5 Rxg3+ 46. Kc4 Rg4+ 47. Kc3 gxf5 48. Rxf5 h4 49. Rh5 Rf4 50. Kb3 Re4 51.
Kc3 Kc7 52. Kb3 Rg4 53. Ka4 Kd6 54. Ka5 Rc4 55. Rh6+ Kd5 56. Rh5+ Ke6 57. Rh6+ Kf5 58. Kxa6 Rxb4 59. Rxc6 Kg4 60. Ka5 Rb1 61. Rg6+ 1-0

[Event "*** Titled Tuesday Blitz"]
[Site "Chess.com"]
[Date "2020.11.24"]
[Round "3"]
[White "MattyDPerrine"]
[Black "Fh2411"]
[Result "0-1"]
[WhiteElo "2364"]
[BlackElo "2538"]
[TimeControl "180+1"]
[EndTime "10:46:28 PST"]
[Termination "Fh2411 won by resignation"]

1. e4 c5 2. Nf3 e6 3. d4 cxd4 4. Nxd4 a6 5. g3 Nc6 6. Bg2 Qc7 7. O-O b5 8. Re1 Bb7 9. Nc3 Nxd4 10. Qxd4 Nf6 11. e5 Bc5 12. Qh4 Bxg2 13. exf6 Bc6 14. fxg7 Rg8 15. Qxh7 O-O-O 16. Bg5 Rde8 17. Ne4 Qe5 18.
Bf4 Bxe4 19. Qxe4 Qxe4 20. Rxe4 Rxg7 21. a4 f5 22. Re2 Kb7 23. axb5 axb5 24. Rd1 Kc6 25. Be5 Rg4 26. h3 Rg6 27. c3 Reg8 28.
Kg2 Ra8 29. b4 Be7 30. Bf4 Ra3 31. Rc2 d5 32. Be5 Rg8 33. f4 Kd7 34. Kf2 Rb3 35. Bd4 Bd6 36. Re1 Ra3 37. Rce2 Rg6 38. Kf3 Ra8 39. Re3 Rag8 40. h4 Rxg3+ 41. Ke2 Rg2+ 42. Kd3 Rh2 43. Rf3 Rxh4 44. Be3 Rgg4 45. Ref1 Rh2 46. R3f2 Rh3 47. Rf3 Rgg3 48. Rxg3 Rxg3 49. Kd4 Kc6 50. Rh1 Rg4 51. Rh6 Bxf4 52. Rxe6+ Kd7 53. Ra6 Bg5+ 54.
Kd3 Rg3 55. Ra7+ Kc8 56. Ra6 Rxe3+ 57. Kc2 Kc7 58. Rg6 Bf4 59. Rf6 Re5 60. Kd3 Bh2 61. Rh6 Re4 62. Rxh2 Kd6 63. Rh6+ Ke5 64. Rb6 Rf4 65.
Rxb5 Rf3+ 66. Kd2 Ke4 67. Rb8 Rf2+ 68. Kc1 Ra2 69. Rd8 f4 70. b5 f3 71. b6 f2 72. Rf8 Ra1+ 73. Kb2 f1=Q 74. Rxf1 Rxf1 75. Ka3 Rf6 76. b7 Rb6 0-1

[Event "*** Titled Tuesday Blitz"]
[Site "Chess.com"]
[Date "2020.11.24"]
[Round "3"]
[White "onnoelgersma"]
[Black "FMOlexandrProhorov"]
[Result "0-1"]
[WhiteElo "2395"]
[BlackElo "2182"]
[TimeControl "180+1"]
[EndTime "10:46:28 PST"]
[Termination "FMOlexandrProhorov won on time"]

1. e4 c5 2. Nf3 e6 3. d4 cxd4 4. Nxd4 Qb6 5. Nb3 Nf6 6. Be3 Qc7 7. f3 d5 8. exd5 Nxd5 9. Bf2 Nc6 10. N1d2 Be7 11. Qe2 O-O 12. Ne4 b6 13. Qc4 a5 14.
Nd4 Nxd4 15. Bxd4 Qf4 16. Qe2 Ba6 17. Qd2 Qxd2+ 18. Nxd2 Bxf1 19. Rxf1 Bf6 20. Bxf6 Nxf6 21. O-O-O b5 22. Rfe1 Nd5 23. Ne4 Rac8 24. Kb1 Rfd8 25. g3 Kf8 26. Ng5 h6 27. Ne4 a4 28. a3 Rc6 29. Nf2 Ke7 30. Nd3 f6 31. f4 Kf7 32. Re4 g6 33. Rde1 Rdc8 34. R1e2 g5 35.
fxg5 hxg5 36. h4 gxh4 37. gxh4 Rh8 38. c3 Rh5 39. Ka2 Rd6 40. Nc5 Nxc3+ 41. bxc3 Rxc5 42. Kb2 Rcd5 43. Kc2 Rd1 44. h5 Rh1 45. Rb4 e5 46.
Rxb5 Rxh5 47. Ra5 Ke6 48. Rxa4 Rh3 49. Ra5 Rc6 50. Kb2 Rcxc3 51. a4 Rb3+ 52. Kc2 Rbc3+ 53.
Kb2 Rb3+ 54. Kc2 Rbc3+ 55. Kd2 Rcd3+ 56. Ke1 Rh1+ 57. Kf2 Rd4 58. Ra6+ Kf5 59. a5 Rf4+ 60. Ke3 Rh3+ 61. Kd2 Rd4+ 62. Ke1 Rf4 63. Rf2 Rh1+ 64. Ke2 Ke4 65. Ra8 Rxf2+ 66. Kxf2 Ra1 67. a6 f5 68. a7 Kf4 69. Ke2 Ra2+ 70. Kd1 e4 71. Kc1 Ke3 72.
Kb1 Ra6 73. Kb2 f4 0-1

[Event "*** Titled Tuesday Blitz"]
[Site "Chess.com"]
[Date "2020.11.24"]
[Round "3"]
[White "DenLaz"]
[Black "mc4chess"]
[Result "0-1"]
[WhiteElo "2750"]
[BlackElo "2467"]
[TimeControl "180+1"]
[EndTime "10:46:32 PST"]
[Termination "mc4chess won on time"]

1. Nf3 c5 2. c4 g6 3. d4 cxd4 4. Nxd4 Bg7 5. e4 Nc6 6. Be3 Nf6 7. Nc3 d6 8. Be2 O-O 9. O-O Nxd4 10. Bxd4 Be6 11.
Qd2 Nd7 12. Be3 a6 13. b3 f5 14. Rac1 Rc8 15. Rfe1 Nf6 16. exf5 Bxf5 17. Bf3 Qd7 18.
Bg5 b5 19. Bxf6 Bxf6 20. Nd5 Rc5 21. b4 Rxc4 22. Nb6 Rxc1 23. Nxd7 Rxe1+ 24. Qxe1 Bxd7 25. h3 Rc8 26. Bg4 Bxg4 27. hxg4 Rc2 28. Qe4 Rc4 29.
Qa8+ Kf7 30. a3 Rc1+ 31. Kh2 Rc2 32. f3 Be5+ 33. Kh3 Rc1 34. g3 Rc3 35. Qd5+ Kg7 36. g5 Rxa3 37. Kg4 Rc3 38. f4 Rc4 39. Qe6 Kf8 40. Kh3 Bc3 41. Qe2 Bxb4 42. Qf3 Bc3 43. Qa8+ Kg7 44. Qxa6 Rc5 45. Qb7 Kf7 46. Kg4 b4 47.
Kf3 Ra5 48. Ke4 Ra1 49. g4 Re1+ 50. Kd3 Rg1 51. Qd5+ Kg7 52. Qe6 Re1 53. Qd7 Kf7 54. Kc4 Re4+ 55. Kb3 Rxf4 56. Qc8 Kg7 57. Qd7 Re4 58.
Qc6 Re5 59. Qd7 Kf7 60. Qc7 Rxg5 61. Qc4+ Kg7 62. Qe4 Re5 63. Qf3 h5 64. gxh5 gxh5 65. Qg3+ Kh6 66. Qf4+ Kg6 67. Qg3+ Rg5 68. Qd3+ Kf7 69.
Qf3+ Bf6 70. Kxb4 h4 71. Qd3 Rg4+ 72. Kb5 Kg7 73. Qh3 Rg5+ 0-1

[Event "*** Titled Tuesday Blitz"]
[Site "Chess.com"]
[Date "2020.11.24"]
[Round "3"]
[White "TST2014"]
[Black "Sinquefield"]
[Result "0-1"]
[WhiteElo "2507"]
[BlackElo "2378"]
[TimeControl "180+1"]
[EndTime "10:46:36 PST"]
[Termination "Sinquefield won on time"]

1. d4 Nf6 2. c4 e6 3. Nf3 Bb4+ 4. Bd2 Qe7 5. g3 O-O 6. Bg2 d5 7. O-O Bxd2 8. Nbxd2 c5 9. cxd5 Nxd5 10. Rc1 cxd4 11. Nxd4 Nb6 12. Nc4 Nxc4 13. Rxc4 Nd7 14. Qc2 Nb6 15. Rc7 Qf6 16. e3 e5 17. Nb3 Bf5 18. Be4 Bh3 19. Rc1 Rac8 20. Bxb7 Rxc7 21. Qxc7 e4 22. Bxe4 Qxb2 23. Qc2 Qxc2 24. Rxc2 Rd8 25. Rd2 Rc8 26. f4 g6 27. Kf2 Re8 28. Bc6 Rc8 29. Nd4 Nc4 30. Rc2 Nd6 31. e4 Rb8 32. e5 Nf5 33.
Nf3 Rb1 34. Bd5 Rf1+ 35. Ke2 Rb1 36. Rc8+ Kg7 37. Rc7 Rb2+ 38. Kd3 Bg2 39. Rxf7+ Kh8 40. Rf8+ Kg7 41. Rf7+ Kh8 42. Kc3 Rf2 43. Rf8+ Kg7 44. Rf7+ Kh8 45. e6 Bxf3 46. Rf8+ Kg7 47. Rf7+ Kh6 48. Bxf3 Rxf3+ 49. Kb4 Re3 50. Rxa7 Rxe6 51. a4 Re2 52. a5 Rxh2 53. a6 Nxg3 54. Rd7 Ra2 55.
a7 Ne2 56. Kb5 Nxf4 57. Kb6 Rb2+ 58. Kc7 Ra2 59. Kb8 Ne6 60. a8=Q Rxa8+ 61. Kxa8 g5 62. Rd6 Kh5 63. Rxe6 g4 64. Re5+ Kh4 65.
Re1 h5 66. Kb7 g3 67. Kc6 g2 68. Kd5 Kg3 69. Ke4 h4 70. Re3+ Kg4 71. Re1 h3 72.
Rg1 Kg3 73. Ke3 h2 74. Ra1 g1=Q+ 0-1

[Event "*** Titled Tuesday Blitz"]
[Site "Chess.com"]
[Date "2020.11.24"]
[Round "3"]
[White "Vladislav_Chizhikov"]
[Black "Tenamu"]
[Result "1-0"]
[WhiteElo "2520"]
[BlackElo "2317"]
[TimeControl "180+1"]
[EndTime "10:46:38 PST"]
[Termination "Vladislav_Chizhikov won by resignation"]

1. e4 e6 2. d4 d5 3. Nc3 Nf6 4. Bg5 Bb4 5. e5 h6 6. Bd2 Bxc3 7. bxc3 Ne4 8. Qg4 g6 9. Bd3 Nxd2 10. Kxd2 c5 11.
h4 Nc6 12. Rh3 Qa5 13. Bxg6 Rf8 14. Rf3 cxd4 15. Bxf7+ Kd8 16. Qg7 dxc3+ 17. Ke1 Qb4 18. Ne2 Qe7 19. Nxc3 Bd7 20. Nb5 Nb4 21. Nd4 Na6 22.
Qf6 Nc5 23. Qxe7+ Kxe7 24. Bh5 Rxf3 25. Bxf3 Rg8 26. g3 Rf8 27. Ke2 b6 28. Ke3 Ba4 29.
Bg2 Rg8 30. Rb1 Nd7 31. Rb4 Nc5 32. c3 Bd7 33. Bf3 Kd8 34. Nb3 Kc7 35. Nxc5 bxc5 36. Rg4 Rf8 37. Rg7 Rf5 38. Bg4 Rxe5+ 39. Kd2 Re4 40. f4 d4 41. cxd4 Rxd4+ 42. Ke3 Rd6 43.
Rh7 Kb6 44. Rxh6 c4 45. Bf5 c3 46. Be4 Bc6 47. Bd3 Bd5 48. h5 Bxa2 49. Rh8 Bb3 50.
Rb8+ Kc5 51. Rxb3 c2 52. Rc3+ Kb4 53. Rxc2 Rd8 54. Rc4+ Kb5 55. g4 Rh8 56. Rc7+ Kb6 57. Re7 e5 58. Re6+ Kc5 59. Rxe5+ Kc6 60. Re6+ Kd7 61.
Ra6 Ke8 62. h6 Ke7 63. Rxa7+ Kf6 64. h7 Rf8 65. Kf3 Ke6 66. g5 Rh8 67. Rg7 Kd5 68. Rg8 Rxh7 69. Bxh7 Kd4 70. g6 Kc3 71. g7 Kb2 72.
Rc8 Ka3 73. g8=Q Kb4 74. Qf7 Ka5 75. Qb7 1-0

[Event "*** Titled Tuesday Blitz"]
[Site "Chess.com"]
[Date "2020.11.24"]
[Round "3"]
[White "AIROPITO7"]
[Black "Marina_Chess_Rus"]
[Result "0-1"]
[WhiteElo "2574"]
[BlackElo "2296"]
[TimeControl "180+1"]
[EndTime "10:46:40 PST"]
[Termination "Marina_Chess_Rus won by resignation"]

1. Nf3 d5 2. g3 Nf6 3. Bg2 c6 4. O-O Bg4 5. b3 e6 6. Bb2 Nbd7 7. d3 Be7 8. Nbd2 O-O 9. c4 Rc8 10. a3 a5 11. Qc2 Qc7 12. Bc3 e5 13. b4 d4 14. Bb2 axb4 15. axb4 Bxb4 16. Rfb1 Be7 17. Ba3 Bxa3 18. Rxa3 Ra8 19. Rab3 b6 20. h3 Bf5 21. Nh4 Be6 22. R3b2 Ra6 23. Ndf3 h6 24. g4 Nh7 25.
Qd2 f6 26. Ng6 Rfa8 27. Nfh4 Kf7 28. f4 Ra1 29. f5 Ng5 30. fxe6+ Nxe6 31. Qb4 Nec5 32.
Be4 Rxb1+ 33. Rxb1 Ra2 34. Bf5 Ra4 35. Qb2 Ra6 36. Rf1 Qd6 37. Bxd7 Nxd7 38. Qb1 Ra3 39. Nf5 Qc7 40. Ngh4 Nf8 41. Nf3 Ne6 42. Ng3 c5 43. Qc1 Nf4 44. Qxa3 Nxh3+ 45. Kh2 Nf4 46. Ne4 Nxe2 47. Qa8 Nf4 48. Qb7 Qxb7 49. Nd6+ Ke6 50. Nxb7 Nxd3 51. Nh4 e4 52. Nf5 e3 53. Ng3 Nb2 54. Re1 Nxc4 55. Kg2 d3 56. Kf3 d2 57.
Rd1 Nb2 58. Ke2 Nxd1 59. Kxd1 Ke5 60. Ke2 Kf4 61. Nh5+ Kxg4 62. Nxg7 h5 63. Nd6 h4 64. Ne4 h3 65. Nxf6+ Kg5 66. Ne4+ Kf4 67. Nf6 h2 68. Nfh5+ Kg4 69. Nf6+ Kh3 70. Ne6 h1=Q 71. Nf4+ Kh4 72.
N6d5 d1=Q+ 73. Kxe3 Qhe1+ 0-1

[Event "*** Titled Tuesday Blitz"]
[Site "Chess.com"]
[Date "2020.11.24"]
[Round "3"]
[White "ZenBull"]
[Black "ukchessbomber"]
[Result "0-1"]
[WhiteElo "2107"]
[BlackElo "2344"]
[TimeControl "180+1"]
[EndTime "10:46:40 PST"]
[Termination "ukchessbomber won on time"]

1. Nf3 Nf6 2. c4 g6 3. Nc3 b6 4. g3 Bb7 5. Bg2 h5 6. d3 h4 7. Nxh4 Bxg2 8. Nxg2 Qc8 9. e4 Bg7 10. Be3 c5 11. Nf4 e6 12. Nfe2 Ng4 13. Qd2 Nxh2 14.
O-O-O Nc6 15. d4 Nb4 16. Nb5 Kf8 17. dxc5 bxc5 18. Qd6+ Kg8 19. Bxc5 Na6 20. Bd4 Qxc4+ 21. Nbc3 Bf8 22. Qe5 Rh7 23. Rxh2 Rxh2 24. f4 Rh7 25. f5 Qc7 26. Qb5 Nb8 27. fxg6 fxg6 28. Qg5 Kf7 29. Rf1+ Ke8 30. Qxg6+ Kd8 31. Qxh7 Qd6 32.
Qg8 Kc7 33. Qxf8 Qc6 34. Qc5 Qxc5 35. Bxc5 Nc6 36. Rf7 Nd8 37. Rh7 Kc6 38. Be3 Nb7 39. Nd4+ Kd6 40. Ndb5+ Kc6 41. Nd4+ Kd6 42. Nc2 Rf8 43.
Nb5+ Kc6 44. Nxa7+ Kd6 45. Nb5+ Ke5 46. Rxd7 Kxe4 47. Rxb7 Rf1+ 48. Kd2 Rh1 49. Kc3 Rh2 50. Nbd4 Rg2 51. Nxe6 Rxg3 52. Ned4 Rg8 53. Ne2 Rc8+ 54. Kd2 Kd5 55. Ned4 Kc4 56. Rb3 Rh8 57. Rc3+ Kd5 58. Rd3 Ke4 59. Kc3 Rh2 60. Bd2 Rh8 61. b4 Rc8+ 62.
Kb3 Kxd3 63. Bc3 Rxc3+ 64. Kb2 Rc8 65. Nb3 Kc4 66. a4 Kd3 67. Nc5+ Kc4 68. Nb3 Kd3 69. Na5 Rxc2+ 70. Kb3 Rc3+ 71. Kb2 Rc2+ 72. Kb3 Rc8 73.
b5 Kd4 74. Nc6+ Kc5 75. Na7 Ra8 76. Nc6 Rh8 0-1

[Event "*** Titled Tuesday Blitz"]
[Site "Chess.com"]
[Date "2020.11.24"]
[Round "3"]
[White "VerdeNotte"]
[Black "suyu28"]
[Result "1/2-1/2"]
[WhiteElo "2901"]
[BlackElo "2609"]
[TimeControl "180+1"]
[EndTime "10:46:46 PST"]
[Termination "Game drawn by repetition"]

1. Nf3 d5 2. b3 c6 3. Bb2 Nf6 4.
g3 Bf5 5. Bg2 e6 6. O-O h6 7. d3 Nbd7 8. Nbd2 a5 9. a4 Bc5 10.
e4 dxe4 11. Nxe4 Be7 12. Ne5 Nxe5 13. Bxe5 O-O 14. Nxf6+ Bxf6 15. Qe2 Bxe5 16. Qxe5 Qb6 17. h4 Rad8 18. Rae1 Rd4 19. Re3 Rfd8 20. Re2 R8d7 21.
Kh2 c5 22. Rfe1 Qd6 23. Qxd6 R4xd6 24. Bf3 Rd4 25. Rg1 Bg4 26. Bxg4 Rxg4 27. f4 Rg6 28. Re5 b6 29. Rge1 Rf6 30. Kg2 g6 31. h5 Kg7 32. hxg6 Rxg6 33. Kf3 Rd8 34. g4 Rd4 35. R5e4 Rd5 36. Rh1 Rf6 37. Kg3 Rg6 38. Kf3 Rxg4 39. Kxg4 f5+ 40. Kf3 fxe4+ 41. Kxe4 Rf5 42. c3 h5 43. b4 cxb4 44. cxb4 axb4 45. Rb1 h4 46.
Rxb4 Ra5 47. Kf3 Kf6 48. Kg4 Rd5 49. Kxh4 Rxd3 50. Kg4 Rd6 51. Kf3 Rc6 52. Ke4 Rd6 53. Rc4 Rd5 54. Rc6 Ra5 55. Rc4 b5 56. axb5 Rxb5 57.
Kf3 Ra5 58. Kg4 Rb5 59. Rc8 Ra5 60. Rf8+ Ke7 61. Rh8 Rb5 62. Rh7+ Kf6 63. Rh6+ Kf7 64. Kf3 Ra5 65. Kg3 Rb5 66. Kg4 Ra5 67. Rh7+ Kf6 68. Rh8 Rb5 69. Rf8+ Kg7 70. Re8 Kf7 71.
Rc8 Kf6 72. Rg8 Rb4 73. Rg5 Rc4 74. Rh5 Rb4 75. Rh6+ Kf7 76. Kg5 Rb5+ 77. Kg4 Rb4 78. Kg5 Rb5+ 79. Kh4 Rb4 80. Kg3 Rb3+ 81. Kg4 Rb4 1/2-1/2